cohdb
Replays
Latest Replays
All Replays
Popular Replays
Top Player Replays
Match Explorer
How It Works
Community
CoH3 Stats
Reddit
Sign in to upload your games and track your stats! →
Sign in with Steam
Match 41569092
Unlisted
Match 41569092
Overview
Messages
Build Orders
End
Panzergrenadier Squad
Selects Battlefield Espionage Battlegroup
Kradschützen Motorcycle Team
Panzergrenadier Squad
250 Light Carrier
Construct Light Support Kompanie
MG34 Team
Fire Support Elements
le.IG 18 Mechanized Group
Selects Intel Disruption Beacon
Selects 250/3 Funkpanzerwagen
Pak 38 Anti-tank Gun Team
Construct Mechanized Kompanie
Selects Transfer Depots
8 Rad Armored Car
Combat Half-tracks
Selects Anti-Tank Incendiary Munitions
Emergency Repair Kits
Marder III Tank Destroyer
Pak 38 Mechanized Group
Selects Firestorm
MG34 Team
MG34 Team
Marder III Tank Destroyer
Panzergrenadier Squad
Mr Gizard The Lizard Wizard
BIOHAZARD
0
0
Comments
sign in to comment!
No comments posted yet!